Map: Prion Terraces

Players

Grumm - Winner!

  • Race: Protoss Protoss
  • League: Gold

Glazerbeam

  • Race: Zerg Zerg
  • League: Platinum

VOD

Have the link to the VOD?

Description

Time

  • Played on: Feb. 17, 2016, 3:16 p.m.
  • Length: 15:28
Show
View Real Time Build Order
Export as new Build Order

Grumm Protoss - Winner!

Build Orders: 1 Gate Expand, Oracle Opening 

Get SALT Encoding   

  12  0:01  Probe (Chrono Boost)  
  13  0:18  Probe (Chrono Boost)  
  13  0:21  Pylon  
  14  0:29  Probe (Chrono Boost)  
  16  0:42  Gateway  
  16  0:43  Probe (Chrono Boost)  
  16  0:48  Assimilator  
  16  0:53  Probe (Chrono Boost)  
  17  1:04  Probe (Chrono Boost)  
  18  1:14  Probe (Chrono Boost)  
  19  1:25  Nexus  
  19  1:36  Zealot  
  21  1:46  Cybernetics Core  
  21  1:50  Pylon  
  21  1:53  Probe (Chrono Boost)  
  22  2:04  Probe (Chrono Boost)  
  23  2:17  Probe (Chrono Boost)  
  24  2:28  Probe (Chrono Boost)  
  25  2:30  Assimilator  
  25  2:33  Stargate  
  25  2:36  Gateway  
  25  2:40  Pylon, Probe (Chrono Boost)  
  26  2:50  Zealot  
  28  2:51  Warp Gate  
  28  3:01  Probe (Chrono Boost)  
  28  3:05  Assimilator  
  29  3:06  Probe (Chrono Boost)  
  30  3:21  Probe (Chrono Boost)  
  30  3:26  Adept x2  
  34  3:33  Probe (Chrono Boost)  
  35  3:36  Assimilator  
  35  3:39  Oracle  
  38  3:44  Probe x2 (Chrono Boost)  
  40  4:05  Stalker, Nexus  
  40  4:06  Adept  
  44  4:16  Pylon  
  44  4:22  Probe x2 (Chrono Boost)  
  44  4:23  Void Ray  
  46  4:47  Probe (Chrono Boost)  
  47  4:55  Probe (Chrono Boost)  
  48  5:06  Void Ray  
  48  5:10  Gateway  
  48  5:12  Gateway  
  48  5:13  Pylon  
  48  5:15  Probe x2 (Chrono Boost)  
  50  5:22  Pylon  
  50  5:25  Probe (Chrono Boost)  
  50  5:26  Probe x2 (Chrono Boost)  
  50  5:27  Zealot  
  55  5:29  Adept  
  58  5:35  Probe (Chrono Boost)  
  58  5:43  Pylon, Probe (Chrono Boost)  
  58  5:46  Probe x2 (Chrono Boost)  
  61  5:53  Probe (Chrono Boost)  
  61  5:56  Probe (Chrono Boost)  
  63  6:08  Probe x2 (Chrono Boost)  
  63  6:09  Probe (Chrono Boost)  
  63  6:14  Adept x2  
  67  6:18  Probe (Chrono Boost)  
  67  6:22  Forge  
  67  6:24  Pylon  
  70  6:25  Probe x2 (Chrono Boost)  
  70  6:29  Void Ray  
  74  6:37  Pylon, Probe x2 (Chrono Boost)  
  76  6:45  Gateway x2  
  76  6:50  Pylon  
  76  6:53  Pylon  
  76  6:56  Zealot x2  
  76  6:57  Zealot x2  
  76  6:58  Protoss Ground Weapons Level 1  
  84  7:12  Void Ray  
  88  7:16  Probe (Chrono Boost)  
  88  7:17  Probe (Chrono Boost)  
  88  7:19  Probe (Chrono Boost)  
  88  7:20  Assimilator  
  88  7:22  Photon Cannon  
  91  7:24  Assimilator  
  91  7:27  Probe x2 (Chrono Boost)  
  91  7:29  Photon Cannon  
  93  7:32  Photon Cannon  
  93  7:36  Stalker, Photon Cannon  
  95  7:37  Stalker x2  
  95  7:38  Adept  
  95  7:39  Photon Cannon  
  101  7:51  Robotics Facility  
  101  7:53  Probe x2 (Chrono Boost)  
  103  8:01  Twilight Council  
  75  8:12  Stalker  
  75  8:13  Void Ray (Chrono Boost), Stalker x5  
  91  8:28  Mothership Core  
  91  8:32  Pylon  
  91  8:34  Immortal  
  93  8:39  Charge (Chrono Boost)  
  97  8:47  Zealot x5  
  97  8:48  Zealot  
  109  8:52  Nexus  
  107  9:08  Stalker  
  107  9:09  Stalker  
  103  9:11  Stalker  
  101  9:30  Adept  
  101  9:31  Adept x2  
  107  9:38  Gateway  
  107  9:40  Gateway  
  107  9:43  Photon Cannon  
  107  9:46  Gateway  
  107  9:50  Photon Cannon  
  107  9:54  Pylon  
  107  10:00  Fleet Beacon  
  107  10:02  Stargate  
  107  10:04  Stargate  
  107  10:07  Probe x3  
  109  10:08  Zealot x2  
  109  10:09  Zealot x2  
  118  10:18  Photon Cannon  
  118  10:27  Immortal  
  122  10:40  Photon Cannon  
  122  10:46  Protoss Ground Armor Level 1  
  122  10:47  Protoss Air Weapons Level 1  
  122  10:52  Forge  
  122  10:55  Cybernetics Core  
  122  10:59  Stalker x2  
  122  11:00  Stalker  
  122  11:01  Stalker x2  
  132  11:04  Observer  
  133  11:31  Immortal  
  133  11:37  Pylon  
  133  11:38  Stalker x5  
  133  11:39  Stalker  
  149  11:54  Zealot  
  142  12:14  Stalker  
  144  12:17  Zealot x2  
  144  12:21  Void Ray  
  147  12:28  Void Ray  
  146  12:30  Void Ray  
  115  12:56  Zealot x3  
  115  12:57  Zealot  
  117  13:04  Assimilator  
  117  13:07  Assimilator  
  117  13:11  Robotics Facility  
  113  13:17  Photon Cannon  
  110  13:21  Mothership Core  
  110  13:22  Pylon  
  112  13:59  Gateway  
  112  14:05  Gateway  
  112  14:06  Gateway  
  112  14:07  Photon Cannon  
  112  14:09  Photon Cannon  
  112  14:11  Stalker x4  
  111  14:30  Immortal  
  115  14:53  Gateway  
  115  14:55  Photon Cannon  
  115  14:57  Photon Cannon  
  115  15:05  Gateway  
Show
View Real Time Build Order
Export as new Build Order

Glazerbeam Zerg 

Build Orders: 3 Hatch before Pool 

Get SALT Encoding   

  12  0:01  Drone  
  13  0:12  Overlord  
  13  0:17  Drone  
  14  0:30  Drone x2  
  14  0:34  Drone  
  17  0:54  Hatchery  
  17  0:57  Drone  
  17  1:01  Drone  
  18  1:22  Hatchery  
  18  1:24  Drone  
  18  1:28  Drone  
  18  1:31  Extractor  
  18  1:44  Spawning Pool  
  17  1:49  Drone  
  18  1:56  Drone  
  18  1:58  Drone  
  18  2:00  Drone  
  21  2:09  Drone  
  21  2:12  Drone  
  23  2:22  Drone x2  
  25  2:31  Drone  
  25  2:35  Queen x2  
  30  2:41  Queen  
  32  2:48  Drone x2  
  34  2:55  Overlord  
  34  2:57  Overlord  
  34  3:11  Overlord  
  34  3:19  Drone x2  
  36  3:20  Drone x6  
  36  3:23  Drone  
  43  3:27  Metabolic Boost  
  43  3:31  Drone x2  
  43  3:32  Extractor  
  44  3:39  Drone  
  46  3:48  Drone x3  
  46  3:53  Drone x2  
  50  4:01  Zergling x4  
  50  4:02  Zergling x10  
  57  4:14  Spore Crawler  
  56  4:18  Extractor x2  
  50  4:34  Zergling x18  
  54  5:25  Hatchery  
  53  5:34  Roach Warren  
  53  5:35  Evolution Chamber  
  51  5:39  Overlord  
  51  5:40  Overlord x3  
  51  5:41  Overlord  
  51  5:42  Overlord  
  51  5:53  Overlord x2  
  51  5:58  Drone  
  48  6:09  Drone x5  
  48  6:10  Drone x4  
  57  6:21  Spore Crawler x2  
  55  6:27  Spore Crawler  
  55  6:28  Spore Crawler  
  55  6:31  Lair  
  53  6:34  Zerg Missile Weapons Level 1  
  53  6:43  Roach  
  53  6:44  Roach x18  
  91  6:51  Queen  
  93  6:57  Queen  
  95  7:12  Ravager x4  
  95  7:13  Ravager x7  
  106  7:21  Extractor  
  105  7:24  Extractor  
  105  7:27  Drone x6  
  105  7:28  Drone  
  111  7:51  Overlord x3  
  111  7:52  Overlord  
  95  8:16  Overlord  
  95  8:17  Overlord  
  95  8:19  Zergling x2  
  99  8:20  Zergling x42  
  99  8:24  Drone x2  
  99  8:25  Drone x4  
  123  8:33  Infestation Pit  
  122  8:34  Zerg Ground Armor Level 1  
  122  8:41  Spire  
  99  9:34  Hive  
  99  9:38  Drone x2  
  99  9:39  Drone x8  
  99  9:40  Drone x6  
  115  10:05  Overlord  
  115  10:07  Extractor  
  115  10:08  Extractor  
  113  10:15  Roach x3  
  113  10:16  Roach x3  
  125  10:38  Drone x2  
  125  10:40  Roach x2  
  125  10:41  Roach x18  
  167  10:44  Overlord x3  
  167  10:48  Adrenal Glands  
  167  10:53  Evolution Chamber  
  167  10:54  Evolution Chamber  
  167  10:56  Ravager x3  
  168  10:58  Overlord x2  
  168  11:06  Overlord x2  
  168  11:10  Ravager x2  
  168  11:11  Ravager x4  
  174  11:15  Drone x6  
  174  11:16  Drone x4  
  161  12:13  Roach  
  161  12:14  Roach x16  
  111  13:07  Zerg Melee Weapons Level 1  
  111  13:09  Zergling x10  
  111  13:10  Zergling x10  
  87  13:27  Hatchery  
  86  13:38  Zergling x2  
  86  13:39  Zergling x18  
  92  13:54  Zergling x2  
  92  13:55  Zergling x2  
  56  14:21  Zergling x14  
  56  14:42  Zergling x2  
  56  14:43  Zergling x8  
  61  14:52  Zergling x6  
Tags
 
Add a new tag
Caveats
  • Supply blocks, unpowered buildings, or Contaminate may cause inaccurate times.
  • Supply counts are checked every 10 seconds.